 Dungeon Crawl Stone Soup version 0.28.0-1-gb440e238dd (webtiles) character file.

Game seed: 13631291442650241648

200 themarg the Chopper (level 5, 0/67 (72) HPs)
             Began as a Minotaur Berserker on Feb 22, 2022.
             Was a Believer of Trog.
             Slain by a gnoll (13 damage)
             ... on level 4 of the Dungeon.
             The game lasted 00:07:21 (2698 turns).

themarg the Chopper (Minotaur Berserker)            Turns: 2698, Time: 00:07:21

HP:   0/67 (72)     AC:  9    Str: 23    XL:     5   Next: 49%
MP:   4/4           EV:  8    Int:  4    God:    Trog [**....]
Gold: 132           SH:  5    Dex: 10    Spells: 4/4 levels left

rFire   . . .      SeeInvis .   a - +1 hand axe
rCold   . . .      Faith    .   k - +2 buckler
rNeg    . . .      Spirit   .   p - +0 chain mail
rPois   .          Reflect  .   (helmet restricted)
rElec   .          Harm     .   (no cloak)
rCorr   .          Rampage  .   (no gloves)
Will    .....                   (no boots)
Stlth   ..........              (no amulet)
HPRegen 0.21/turn               (no ring)
MPRegen 0.09/turn               (no ring)

@: berserking, drained, very quick
A: horns 2, retaliatory headbutt
a: Renounce Religion, Berserk, Trog's Hand


You were on level 4 of the Dungeon.
You worshipped Trog.
Trog was pleased with you.
You visited 1 branch of the dungeon, and saw 4 of its levels.

You collected 132 gold pieces.

Inventory:

Hand Weapons
 a - a +1 hand axe (weapon)
Missiles
 b - 2 throwing nets
 e - 5 silver boomerangs (quivered)
Armour
 f - a +0 kite shield
 k - a +2 buckler (worn)
 p - a +0 chain mail (worn)
Wands
 o - a wand of digging (8)
Scrolls
 h - a scroll of teleportation {unknown}
 i - a scroll of enchant weapon
 m - 2 scrolls of identify {unknown}
 n - a scroll of enchant armour {unknown}
 q - a scroll of fear {unknown}
Potions
 c - a potion of lignification {unknown}
 d - a potion of mutation {unknown}
 g - 2 potions of haste {unknown}
 j - 5 potions of heal wounds {unknown}
 l - 3 potions of brilliance {unknown}


   Skills:
 + Level 5.0 Fighting
 + Level 5.6 Axes
 + Level 3.3 Armour
 + Level 2.6 Dodging
 + Level 0.6 Stealth
 + Level 0.9 Shields


You had 4 spell levels left.
You didn't know any spells.
Your spell library was empty.

Dungeon Overview and Level Annotations

Branches:
Dungeon (4/15)
 Temple: D:4-7

Altars:
Cheibriados
Xom
Zin

Shops:
D:1 [


Innate Abilities, Weirdness & Mutations

You have a pair of horns on your head.
You reflexively headbutt those who attack you in melee.


Message History

a +0 whip; a gnoll corpse A gnoll comes into view.
It is wielding a +0 club.
The gnoll shouts!
You closely miss the gnoll. The gnoll barely misses you.
You barely miss the gnoll.
The gnoll hits you from afar with a +0 halberd.
The gnoll hits you with a +2 flail of draining!
You feel drained.
You hit the gnoll.
The gnoll is moderately wounded.
The gnoll hits you from afar with a +0 halberd.
A red film seems to cover your vision as you go berserk!
You feel yourself moving faster!
You feel mighty!
The gnoll hits you from afar with a +0 halberd.
The gnoll hits you but does no damage.
The gnoll hits you with a +2 flail of draining.
You feel drained.
You closely miss the gnoll.
The gnoll is moderately wounded.
You barely miss the gnoll.
The gnoll hits you from afar with a +0 halberd.
The gnoll closely misses you.
The gnoll hits you with a +2 flail of draining.
You feel drained.
You slash the gnoll!
The gnoll is almost dead.
You barely miss the gnoll. The gnoll hits you with a +0 club.
* * * LOW HITPOINT WARNING * * *
The gnoll hits you from afar with a +0 halberd!
* * * LOW HITPOINT WARNING * * *
The gnoll hits you but does no damage.
You feel drained.
You slash the gnoll!
You kill the gnoll!
Trog accepts your kill.
You slash the gnoll! You closely miss the gnoll.
The gnoll is almost dead.
You block the gnoll's attack.
The gnoll hits you from afar with a +0 halberd!
You die...

# .>..<..# #.#.## #
#.##).## #.#..###. #
#......# #.#.#.... #
#......###...≈≈.P♣ #
#....>....)..≈≈P.. #
#.........)...PP #
####....)###...P.♣ #
.........# #...♣g♣ #
#######)@# ####♣ ..
# #######g.# g #
#######.......g#
###..........##.##
....##....#......#
###.##......).......
#.#...).#....>.###
#†..)...##.##..#
#)......##.##..#


You could see 2 gnolls.

Vanquished Creatures
  An iguana (D:4)
  4 adders
  5 gnolls (D:4)
  3 worms
  A dart slug (D:2)
  10 orcs
  7 ball pythons
  6 bats
  2 endoplasms
  6 goblins
  11 hobgoblins
  3 kobolds
  2 quokkas
  2 frilled lizards
  6 rats
69 creatures vanquished.

Vanquished Creatures (others)
  A butterfly (D:4)
1 creature vanquished.

Grand Total: 70 creatures vanquished

Notes
Turn   | Place    | Note
-------+----------+-------------------------------------------
     0 | D:1      | themarg the Minotaur Berserker began the quest for the Orb.
     0 | D:1      | Reached XP level 1. HP: 19/19 MP: 0/0
    83 | D:1      | Reached XP level 2. HP: 13/27 MP: 1/1
   756 | D:1      | Found Dijuczuw's Armour Shop.
  1022 | D:2      | Reached XP level 3. HP: 34/34 MP: 2/2
  1141 | D:2      | Reached ** piety under Trog
  1305 | D:2      | Found a faded altar of an unknown god.
  1342 | D:2      | Reached XP level 4. HP: 41/41 MP: 3/3
  1737 | D:3      | Noticed an angel
  1738 | D:3      | Found a shimmering altar of Xom.
  1738 | D:3      | Found a glowing silver altar of Zin.
  1799 | D:3      | Found a snail-covered altar of Cheibriados.
  2262 | D:4      | Reached skill level 5 in Axes
  2533 | D:4      | Reached skill level 5 in Fighting
  2533 | D:4      | Reached XP level 5. HP: 43/48 MP: 4/4
  2698 | D:4      | Slain by a gnoll

Illustrated notes

Levels and vault maps discovered:
D:1:      lemuel_arrival_room, layout_basic, serial_shops, shop,
          minmay_misc_feat_nine_boxes
D:2:      layout_rooms, ebering_ecumenical_altar_sacrificial,
          lightli_corner_chamber
D:3:      layout_rooms, grunt_temple_overflow_order_and_chaos_1,
          mainiacjoe_overflow_concentric_impassable
D:4:      minmay_general_purpose_star, layout_loops_ring,
          nicolae_elyvilon_peaceful_grove, kennysheep_generic_room_7

Skill      XL: |  1  2  3  4 |
---------------+-------------+-----
Fighting       | 4 5 |  5.0
Axes           | 4 5 |  5.6
Armour         | 3 |  3.3
Dodging        | |  2.6
Stealth        | |  0.6
Shields        | |  0.9

Action                   |  1- 3 |  4- 6 || total
-------------------------+-------+-------++-------
Melee: Hand axe          |    62 |    89 ||   151
       Headbutt          |    10 |     9 ||    19
Invok: Berserk           |     1 |     1 ||     2
  Use: Scroll            |       |     1 ||     1
 Stab: Sleeping          |     1 |       ||     1
Armor: Animal skin       |     6 |       ||     6
       Robe              |     1 |     4 ||     5
       Chain mail        |       |    14 ||    14
Dodge: Dodged            |    48 |    32 ||    80
Block: Buckler           |     2 |    14 ||    16
